 Dungeon Crawl Stone Soup version 0.29.1-2-gbd0b4ee654 (webtiles) character file.

Game seed: 11046744515293783121

326 GorkyZ the Covered (level 6, 0/38 HPs)
             Began as a Gargoyle Fighter on Nov 25, 2022.
             Killed by divine providence
             ... invoked by an orc priest
              (12 damage)
             ... on level 5 of the Dungeon.
             The game lasted 00:09:09 (3760 turns).

GorkyZ the Covered (Gargoyle Fighter)               Turns: 3760, Time: 00:09:10

Health: 0/38       AC: 14    Str: 22    XL:     6   Next: 49%
Magic:  6/6        EV:  9    Int:  8    God:
Gold:   665        SH:  4    Dex:  9    Spells: 5/5 levels left

rFire   . . .      SeeInvis .   a - +0 war axe
rCold   . . .      Faith    .   c - +0 buckler
rNeg    + . .      Spirit   .   b - +1 scale mail
rPois   ∞          Reflect  .   (no helmet)
rElec   +          Harm     .   (no cloak)
rCorr   .          Rampage  .   k - +0 pair of gloves
Will    .....                   e - +0 pair of boots
Stlth   ..........              (no amulet)
HPRegen 0.12/turn               (no ring)
MPRegen 0.10/turn               (no ring)

@: no status effects
A: sickness immunity, AC +4, negative energy resistance 1, electricity
resistance, torment resistance 1, petrification resistance
a: no special abilities


You were on level 5 of the Dungeon.
You visited 1 branch of the dungeon, and saw 5 of its levels.

You collected 665 gold pieces.

Inventory:

Hand Weapons
 a - a +0 war axe (weapon)
 t - a +2 short sword of protection
Missiles
 s - 10 poisoned darts (quivered)
Armour
 b - a +1 scale mail (worn)
 c - a +0 buckler (worn)
 e - a +0 pair of boots (worn)
 g - a +0 plate armour
 k - a +0 pair of gloves (worn)
 l - a +0 chain mail
Jewellery
 r - an amulet of regeneration
Scrolls
 f - a scroll of torment
 i - a scroll of magic mapping
 j - 4 scrolls of butterflies
 v - a scroll of identify
Potions
 d - 2 potions of might
 h - a potion of heal wounds {unknown}
 m - a potion of haste
 n - a potion of ambrosia {unknown}
 o - a potion of curing {unknown}
 p - a potion of brilliance {unknown}
 q - a potion of degeneration {unknown}
 u - a potion of cancellation {unknown}


   Skills:
 + Level 4.2 Fighting
 + Level 2.7 Axes
 + Level 1.8 Throwing
 + Level 4.2 Armour
 + Level 1.6 Dodging
 + Level 4.2 Shields
 + Level 1.9 Evocations


You had 5 spell levels left.
You didn't know any spells.
Your spell library contained the following spells:

 Spells                   Type           Power      Damage    Failure   Level
 Summon Small Mammal      Summ           0%         N/A       82%         1
 Call Canine Familiar     Summ           0%         N/A       99%         3
 Ozocubu's Armour         Ice            0%         N/A       99%         3
 Summon Guardian Golem    Hex/Summ       0%         N/A       99%         3
 Ozocubu's Refrigeration  Ice            0%         4d7       100%        7


Dungeon Overview and Level Annotations

Branches:
Dungeon (5/15)
 Temple: D:4-7

Altars:
Wu Jian

Shops:
D:2 [


Innate Abilities, Weirdness & Mutations

You are immune to sickness and miasma.
Your stone body is resilient. (AC +4)
You are immune to poison.
You resist negative energy. (rN+)
You are resistant to electric shocks. (rElec)
You are resistant to unholy torment.
You are immune to petrification.


Message History

You closely miss something. Something hits you but does no damage.
You miss something.
You feel less confused. Something hits you.
* * * LOW HITPOINT WARNING * * *
Something hits you but does no damage.
You miss something. Something hits you but does no damage.
You slash something!
Reactivating autopickup.
You feel a bit more experienced.
Things that are here:
a +0 dagger; a +0 robe; an orc corpse You start resting.
HP restored.
As you read the scroll labelled VUOCRAETEE, it crumbles to dust.
You feel strangely unstable.
It was a scroll of teleportation.
Your surroundings suddenly seem different.
Found a stone staircase leading down.
Found a pair of gloves.
You see here a +0 pair of gloves.
k - a +0 pair of gloves You start putting on your armour.
You continue putting on your +0 pair of gloves. x4
You finish putting on your +0 pair of gloves.
An orc priest comes into view. It is wielding a +0 flail.
The orc priest shouts!
An orc warrior and an orc priest come into view.
The orc warrior is wielding a +0 dire flail and wearing a +0 chain mail of cold resistance.
The orc warrior shouts!
The orc priest shouts!
Something shouts, "Scamper hence, thou peeagling fob-snatching hedge-pig!"
The orc priest calls down the wrath of Beogh upon you.
Beogh smites you!
A shadow imp comes into view.
The orc priest invokes the aid of Beogh against you.
Beogh smites you!
* * * LOW HITPOINT WARNING * * *
You hear a shout!
The orc priest calls down the wrath of Beogh upon you.
Beogh smites you!
You die...

#### ...#
##.#########
#.....##...#
#..........####
##.#.#..........
###...@........#
#.........o....#
#.#....#.....o.#
#.#.#..#####o5.....
..#.#..# .......
####.#..# ##.....
..#..# ##### .....#
.......


You could see an orc warrior, 2 orc priests and a shadow imp.

Vanquished Creatures
  A phantom (D:3)
  An orc priest (D:5)
  Jessica (D:3)
  An iguana (D:4)
  2 orc wizards
  3 adders
  A worm (D:3)
  A dart slug (D:4)
  5 orcs
  9 ball pythons
  3 bats (D:2)
  12 endoplasms
  6 giant cockroaches
  6 goblins
  7 hobgoblins
  4 quokkas
  10 kobolds
  7 rats
80 creatures vanquished.

Vanquished Creatures (others)
  5 fungi (D:5)
  2 plants (D:1)
7 creatures vanquished.

Grand Total: 87 creatures vanquished

Notes
Turn   | Place    | Note
-------+----------+-------------------------------------------
     0 | D:1      | GorkyZ the Gargoyle Fighter began the quest for the Orb.
     0 | D:1      | Reached XP level 1. HP: 14/14 MP: 1/1
   345 | D:1      | Reached XP level 2. HP: 13/19 MP: 2/2
   996 | D:2      | Found Fyntoghi's Armour Boutique.
  1014 | D:2      | Reached XP level 3. HP: 23/23 MP: 3/3
  1155 | D:2      | Found a faded altar of an unknown god.
  1764 | D:3      | Reached skill level 1 in Evocations
  1877 | D:3      | Reached XP level 4. HP: 28/28 MP: 4/4
  2100 | D:3      | Noticed Jessica
  2108 | D:3      | Killed Jessica
  2109 | D:3      | Reached skill level 1 in Throwing
  2109 | D:3      | Reached skill level 1 in Dodging
  2174 | D:3      | Noticed a phantom
  2189 | D:3      | Killed a phantom
  2190 | D:3      | Reached XP level 5. HP: 31/33 MP: 5/5
  2721 | D:4      | Found an ornate altar of the Wu Jian Council.
  3077 | D:4      | Reached XP level 6. HP: 37/38 MP: 6/6
  3342 | D:5      | Entered Level 5 of the Dungeon
  3755 | D:5      | Noticed an orc warrior
  3760 | D:5      | Killed from afar by an orc priest

Illustrated notes

Levels and vault maps discovered:
D:1:      eino_arrival_water_cross, layout_loops_cross
D:2:      layout_loops_ring, basic_ecumenical_altar, serial_shops, shop
D:3:      layout_loops_ring, minmay_ruptured, uniq_jessica
D:4:      minmay_polygon_palace, layout_basic, nicolae_wu_jian_wuxing_cycle
D:5:      layout_basic, serial_aquarium, aquarium_bridge_straight
          [aquarium_subvault_bridge, aquarium_subvault_balcony,
          aquarium_subvault_bridge, aquarium_subvault_window],
          aquarium_window_2, aquarium_window_2, aquarium_view_2b,
          aquarium_balcony_5b, aquarium_pool_S

Skill      XL: |  1  2  3  4  5 |
---------------+----------------+-----
Axes           | 2 |  2.7
Evocations     | 1 |  1.9
Throwing       | 1 |  1.8
Dodging        | 1 |  1.6
Armour         | 4 |  4.2
Fighting       | 4 |  4.2
Shields        | 4 |  4.2

Action                   |  1- 3 |  4- 6 || total
-------------------------+-------+-------++-------
Melee: War axe           |   122 |   118 ||   240
  Use: Scroll            |       |     8 ||     8
 Stab: Distracted        |     1 |       ||     1
Armor: Scale mail        |    31 |   103 ||   134
       Plate armour      |    62 |       ||    62
Dodge: Dodged            |    49 |    55 ||   104
Block: Buckler           |    28 |    29 ||    57
